drago, chaotic female orcish Rogue ----- ------- ---- .... .....-- |..| -..----......-- |..| ---...|.........---- -.--- |..................-- |...| ---...................| | ---.--- |.....................| .| ---.[.|--.--...)..............--- .......| ---..--.|...|..........--- ..................| --....||....)....)............................| |.....-|.......----.....---- ------ .........e------- - --.....|.-.....| |..|...u@.............l..............- ----..........| -------------------- - .------ --....--.|..- | --|....-------. --.|.|..| . |.<..|--- --.--- --- drago the Cutpurse Experience level: 4 Strength: 13 Dexterity: 16 Constitution: 14 Intelligence: 10 Wisdom: 13 Charisma: 7 Health: 0(28) Energy: 17(17) Def: 7 Gold: 218 Moves: 1904 Dungeon seed: lLekyEMbF9SZYWuy Game ID: drago_1557153170 Your Inventory: Coins $ - 218 gold pieces Weapons a - a blessed +0 orcish short sword (weapon in hand) b - 9 +0 orcish daggers (in quiver) k - 11 cursed -3 arrows l - 4 +0 darts s - a +0 elven dagger x - 4 +2 daggers B - a +5 dagger D - 3 cursed -1 crossbow bolts Armor e - an uncursed +1 leather armor (being worn) r - an uncursed +0 pair of iron shoes (being worn) y - an uncursed +0 elven shield (being worn) z - an uncursed +0 pair of iron shoes N - an uncursed +0 dwarvish cloak (being worn) Comestibles h - an uncursed food ration i - an uncursed tripe ration m - an uncursed fortune cookie v - an uncursed tin of gnome meat Wands A - a wand of striking (0:3) Tools d - an uncursed lock pick f - an uncursed sack g - an uncursed blindfold w - 6 uncursed tallow candles (0:200) Gems n - 3 uncursed worthless pieces of orange glass q - an uncursed worthless piece of yellowish brown glass Spells and supernatural/magical abilities: Name Level Category Fail Memory W - pray for help -- divine ? -- Your skills at the end: Fighting Skills Weapon Skills dagger [Basic] short sword [Basic] Spellcasting Skills Final Attributes: You were piously aligned. You were poison resistant. You had infravision. You were stealthy. You are dead. Vanquished creatures: 2 gnome lords 2 dwarves a rothe an iguana 2 hobbits a large kobold a yellow mold a green mold a red mold 8 gnomes a gnome zombie 2 geckos 7 jackals 2 kobolds a sewer rat 3 lichens 7 newts 43 creatures vanquished. Voluntary challenges: You were an atheist. You used a wielded weapon 31 times, starting on turn 1. You read items or engraved 5 times, starting on turn 441. You never genocided any monsters. You never polymorphed an object. You never changed form. You used no wishes. You never split a pudding. You wrote Elbereth's name 3 times, starting on turn 1591. You never violated your personal moral code. Dungeon overview: The Dungeons of Doom: levels 1 to 5 Level 1 a long staircase Level 2 a fountain, a sink Level 3 some fountains Level 4 stairs to The Gnomish Mines Level 5 The Gnomish Mines: Level 5 <- You were here stairs to The Dungeons of Doom History has recorded: On T:1 you entered the Dungeons of Doom to retrieve the Amulet of Yendor! On T:216 you reached level 2 of The Dungeons of Doom. On T:710 you reached level 3 of The Dungeons of Doom. On T:813 you advanced to experience level 2. On T:856 you reached level 4 of The Dungeons of Doom. On T:1132 you advanced to experience level 3. On T:1448 you reached level 1 of The Gnomish Mines. On T:1472 you reached level 5 of The Dungeons of Doom. On T:1652 you advanced to experience level 4. Score breakdown: Gold: 218 ( 7961 points) Experience: 4 levels ( 9649 points) Exploration: 5 levels ( 10.64%) ( 8846 points) Discoveries: 2 items ( 0.70%) ( 2504 points) Valuables value: (no points given unless you survive) Artifact value: 0 ( 0 points) Variety of kills: 17 monsters ( 4.46%) ( 6336 points) Turncount: 1904 turns ( 0 points) Survival: died (score multiplied by 80%) Total score: 28236 Latest messages: This gnome lord corpse tastes terrible! You finish eating the gnome lord corpse. D - 3 crossbow bolts. There are a few objects here. b - a +0 orcish dagger (in quiver). N - a hooded cloak. You start equipping your hooded cloak. You are now wearing a hooded cloak. You start removing your hooded cloak. You take off your hooded cloak. You start equipping your hooded cloak. You are now wearing a hooded cloak. The pony just misses! The pony bites! The pony kicks! The pony bites! The pony kicks! The pony bites! The pony kicks! You die... The sack is empty. Final status: Goodbye drago the Rogue, killed by a pony... You died in The Gnomish Mines on dungeon level 5 with 28236 points, and 218 pieces of gold, after 1904 moves. You were level 4 with a maximum of 28 hit points when you died.